 Dungeon Crawl Stone Soup version 0.31-a0-1-g4198be8af4 (webtiles) character file.

Game seed: 6388701584052709437

79 Hubris850 the Insei (level 4, 0/32 HPs)
             Began as a Merfolk Transmuter on May 1, 2023.
             Slain by Grinder (6 damage)
             ... while paralysed by Grinder
             ... on level 2 of the Dungeon.
             The game lasted 00:06:25 (1741 turns).

Hubris850 the Insei (Merfolk Transmuter)            Turns: 1741, Time: 00:06:25

Health: 0/32       AC: 11    Str: 10    XL:     4   Next: 37%
Magic:  7/7        EV:  2    Int: 14    God:
Gold:   107        SH:  0    Dex: 14    Spells: 7/8 levels left

rFire   . . .        n - +1 dagger (speed)
rCold   . . .        (no shield)
rNeg    . . .        c - +0 ring mail
rPois   .            (no helmet)
rElec   .            l - +0 cloak
rCorr   .            d - +0 pair of gloves
SInv    .            (no boots)
Will    .....        (no amulet)
Stlth   +            f - +4 ring of protection
HPRegen 0.25/turn    (no ring)
MPRegen 0.10/turn

%: no passive effects
@: paralysed, brilliant
A: (nimble swimmer 2), mertail
a: no special abilities


You were on level 2 of the Dungeon.
You visited 1 branch of the dungeon, and saw 3 of its levels.

You collected 107 gold pieces.

Inventory:

Hand Weapons
 g - a +0 dagger
 n - a +1 dagger of speed (weapon)
Missiles
 j - 12 poisoned darts
Armour
 a - a +0 robe
 c - a +0 ring mail (worn)
 d - a +0 pair of gloves (worn)
 l - a +0 cloak (worn)
 q - the +0 robe of the Doldrums {Fly Int+2 Dex+2}
   (You found it on level 2 of the Dungeon)

   Int:       It affects your intelligence (+2).
   Dex:       It affects your dexterity (+2).
   Fly:       It grants you flight.
Jewellery
 f - a +4 ring of protection (left hand)
Scrolls
 e - a scroll of poison {unknown}
 h - 4 scrolls of identify {unknown}
 m - a scroll of enchant armour {unknown}
 o - 2 scrolls of noise {unknown}
Potions
 k - a potion of attraction


   Skills:
 - Level 1.1 Fighting
 - Level 3.2 Dodging
 + Level 3.9 Unarmed Combat
 + Level 2.5 Spellcasting
 + Level 3.7 Transmutations
 + Level 1.6 Ice Magic


You had 7 spell levels left.
You knew the following spells:

 Your Spells              Type           Power      Damage    Failure   Level
a - Beastly Appendage     Tmut           36%        N/A       12%         1

Your spell library contained the following spells:

 Spells                   Type           Power      Damage    Failure   Level
 Wereblood                Tmut           18%        N/A       19%         2
 Spider Form              Tmut/Pois      10%        N/A       63%         3
 Summon Guardian Golem    Hex/Summ       2%         N/A       87%         3
 Ice Form                 Ice/Tmut       14%        N/A       88%         4
 Orb of Destruction       Conj           1%         9d5       100%        7
 Spellforged Servitor     Conj/Summ      1%         N/A       100%        7


Dungeon Overview and Level Annotations

Branches:
Dungeon (3/15)

Altars:
Zin

Annotations:
D:2 Grinder


Innate Abilities, Weirdness & Mutations

((You are very nimble when in or above water. (Stealth+, EV+, Speed+++)))
Your lower body shifts to a powerful aquatic tail in water.


Message History

Grinder barely misses you.
You hit Grinder.
Grinder is heavily wounded.
You hit Grinder.
Grinder is heavily wounded.
Grinder gestures at you. Pain shoots through your body!
You hit Grinder.
Grinder is severely wounded.
Grinder blinks!
Grinder is attracted toward you. Grinder gestures at you.
Pain shoots through your body! Grinder is attracted toward you.
You hit Grinder but do no damage.
Grinder is severely wounded.
You feel less attractive to monsters.
You barely miss Grinder.
Grinder is severely wounded.
Grinder says, "You look like you could use a good racking."
Grinder completely misses you.
You closely miss Grinder.
Grinder is severely wounded.
Grinder hits you.
You writhe in agony.
You hit Grinder but do no damage.
Grinder is severely wounded.
You barely miss Grinder.
Grinder is severely wounded.
Grinder hits you but does no damage.
You hit Grinder.
Grinder is severely wounded.
Grinder misses you.
You hit Grinder.
Grinder is severely wounded.
You hit Grinder. You punch Grinder.
Grinder is almost dead.
Grinder gestures at you.
You suddenly lose the ability to move!
Grinder hits you.
* * * LOW HITPOINT WARNING * * *
You writhe in agony.
You die...

## .# .# .#
.##################
...............5@>#
.#############.##.#
.##.......# #.##.#
.##.####.## #.##.#
.##.####.### #.##.#
##.........# #.##.#
.#.........# #.##.#
.#.........# #.##.#
.#.........#
#.##.####


You could see Grinder.

Vanquished Creatures
  A gnoll (D:1)
  An adder (D:2)
  A dart slug (D:1)
  4 orcs (D:2)
  4 endoplasms (D:1)
  A giant cockroach (D:1)
  3 goblins
  4 hobgoblins
  3 jackals (D:2)
  3 quokkas (D:1)
  2 ball pythons (D:1)
  5 bats
  11 frilled lizards
  8 kobolds
  2 rats (D:1)
53 creatures vanquished.

Vanquished Creatures (others)
  10 plants (D:1)
10 creatures vanquished.

Grand Total: 63 creatures vanquished

Notes
Turn   | Place    | Note
-------+----------+-------------------------------------------
     0 | D:1      | Hubris850 the Merfolk Transmuter began the quest for the
                  | Orb.
     0 | D:1      | Reached XP level 1. HP: 15/15 MP: 3/3
   112 | D:1      | Reached XP level 2. HP: 21/21 MP: 3/5
   178 | D:1      | Reached skill level 1 in Ice Magic
   299 | D:1      | Reached XP level 3. HP: 26/26 MP: 6/6
   500 | D:1      | Noticed a golden eye
   502 | D:1      | Found a faded altar of an unknown god.
   569 | D:1      | Noticed an eye of devastation
   576 | D:1      | Noticed a great orb of eyes
   580 | D:1      | Noticed a floating eye
   914 | D:2      | Reached XP level 4. HP: 26/32 MP: 7/7
  1180 | D:2      | Found a glowing silver altar of Zin.
  1370 | D:2      | Identified the +0 robe of the Doldrums {Fly Int+2 Dex+2}
  1670 | D:3      | Noticed Grinder
  1670 | D:3      | Found the +18 Lear's hauberk
  1677 | D:2      | Paralysed by Grinder for 3 turns
  1713 | D:2      | Paralysed by Grinder for 2 turns
  1740 | D:2      | Paralysed by Grinder for 2 turns
  1741 | D:2      | Slain by Grinder

Illustrated notes

Levels and vault maps discovered:
D:1:      dpeg_arrival_solitude, layout_rooms,
          hellmonk_ecumenical_altar_watching_god, minmay_lizard_king
D:2:      layout_basic, basic_altar
D:3:      layout_rooms, hangedman_ru_absence, uniq_grinder, uniq_jessica,
          uniq_crazy_yiuf_cottage, uniq_sigmund

Skill      XL: |  1  2 |
---------------+-------+-----
Transmutations | 3 |  3.7
Dodging        | 3 |  3.2
Ice Magic      | 1 |  1.6
Fighting       | |  1.1
Unarmed Combat | |  3.9
Spellcasting   | |  2.5

Action                     |  1- 3 |  4- 6 || total
---------------------------+-------+-------++-------
  Melee: Unarmed           |   151 |     1 ||   152
         Headbutt          |     4 |       ||     4
         Dagger            |    20 |   108 ||   128
         Punch             |     2 |     5 ||     7
   Cast: Beastly Appendage |     6 |       ||     6
    Use: Potion            |     1 |     5 ||     6
 Armour: Ring mail         |   105 |    27 ||   132
         Skin              |    16 |    13 ||    29
  Dodge: Dodged            |   126 |    28 ||   154

Table legend: (Time is in decaauts)
 A = Elapsed time spent in this place.
 B = Non-inter-level travel time spent in this place.
 C = Inter-level travel time spent in this place.
 D = Time resting spent in this place.
 E = Time spent auto-exploring this place.
 F = Levels seen in this place.
 G = Mean time per level.
                   A        B        C        D        E       F      G
               +--------+--------+--------+--------+--------+-----+--------+
         Total |   1692 |   1658 |     34 |    234 |    935 |   3 |  564.0 |
       Dungeon |   1692 |   1658 |     34 |    234 |    935 |   3 |  564.0 |
               +--------+--------+--------+--------+--------+-----+--------+

Top non-repeatable levels by time:
     D:2: 927 daAuts
     D:1: 764 daAuts
     D:3: 1 daAuts
